Map: 死亡光环-天梯版

Players

Cyan - Winner!

  • Race: Protoss Protoss

iGXiGua (XiGua)

  • Race: Zerg Zerg

Event: DreamHack SC2 Masters 2020 Fall

VOD

Have the link to the VOD?

Description

Time

  • Played on: Sept. 2, 2020, 9:59 a.m.
  • Length: 17:47

All games in this series

Show
View Real Time Build Order
Export as new Build Order

Cyan Protoss - Winner!

Build Orders: 1 Gate Expand, Oracle Opening 

Get SALT Encoding   

  12  0:00  Probe  
  13  0:12  Probe  
  14  0:17  Pylon  
  14  0:24  Probe (Chrono Boost)  
  15  0:37  Probe (Chrono Boost)  
  15  0:40  Gateway  
  16  0:45  Probe (Chrono Boost)  
  16  0:48  Assimilator  
  17  0:51  Probe  
  18  1:03  Probe  
  19  1:15  Probe  
  20  1:22  Nexus  
  20  1:33  Cybernetics Core  
  20  1:36  Probe  
  21  1:42  Assimilator  
  21  1:48  Probe  
  21  1:51  Pylon  
  22  2:00  Probe  
  23  2:07  Adept (Chrono Boost)  
  23  2:09  Warp Gate  
  23  2:12  Probe  
  26  2:25  Probe (Chrono Boost)  
  26  2:26  Stargate  
  26  2:27  Adept (Chrono Boost)  
  31  2:37  Probe (Chrono Boost)  
  31  2:43  Probe (Chrono Boost)  
  31  2:44  Probe (Chrono Boost)  
  31  2:49  Stalker, Probe (Chrono Boost)  
  35  2:51  Probe  
  36  3:01  Probe  
  36  3:03  Probe  
  38  3:06  Oracle (Chrono Boost)  
  38  3:08  Pylon  
  41  3:13  Probe  
  41  3:19  Gateway  
  42  3:20  Probe  
  43  3:29  Adept  
  43  3:31  Probe  
  46  3:36  Probe  
  46  3:38  Oracle (Chrono Boost), Assimilator  
  46  3:40  Assimilator  
  48  3:43  Probe  
  48  3:45  Pylon  
  48  3:48  Pylon  
  49  3:49  Probe  
  49  3:55  Probe  
  51  4:01  Robotics Facility, Probe  
  50  4:07  Probe  
  51  4:13  Probe  
  51  4:14  Adept x2  
  56  4:19  Oracle (Chrono Boost), Probe  
  56  4:23  Pylon  
  60  4:26  Probe  
  61  4:31  Probe  
  62  4:39  Nexus  
  62  4:44  Probe  
  62  4:45  Shield Battery  
  63  4:53  Immortal (Chrono Boost)  
  63  4:55  Sentry  
  63  4:56  Sentry  
  63  4:58  Probe  
  72  5:07  Gateway  
  72  5:09  Gateway  
  72  5:10  Probe  
  73  5:15  Pylon  
  73  5:21  Sentry x2  
  75  5:27  Probe  
  78  5:31  Warp Prism (Chrono Boost)  
  80  5:37  Pylon  
  80  5:38  Pylon  
  80  5:40  Probe  
  81  5:43  Probe  
  82  5:52  Probe (Chrono Boost)  
  82  5:53  Forge  
  82  5:54  Twilight Council  
  82  5:55  Probe (Chrono Boost)  
  82  5:56  Probe (Chrono Boost)  
  85  5:58  Pylon  
  85  6:03  Probe (Chrono Boost)  
  83  6:05  Observer (Chrono Boost)  
  83  6:08  Probe (Chrono Boost)  
  83  6:09  Probe (Chrono Boost)  
  83  6:10  Probe (Chrono Boost)  
  82  6:16  Protoss Ground Weapons Level 1  
  84  6:19  Probe  
  84  6:20  Shield Battery  
  84  6:21  Probe  
  84  6:22  Shield Battery, Probe  
  84  6:24  Immortal (Chrono Boost), Pylon  
  84  6:25  Blink (Chrono Boost)  
  91  6:31  Probe  
  92  6:33  Probe  
  92  6:34  Probe  
  92  6:38  Assimilator  
  94  6:40  Assimilator  
  94  6:42  Pylon  
  94  6:43  Probe  
  94  6:45  Probe  
  94  6:46  Probe  
  97  6:50  Gateway  
  97  6:52  Sentry, Gateway  
  97  6:53  Sentry  
  101  6:58  Immortal (Chrono Boost)  
  101  7:01  Gateway  
  105  7:02  Gateway  
  105  7:09  Shield Battery  
  105  7:10  Photon Cannon  
  105  7:15  Photon Cannon  
  105  7:17  Pylon  
  105  7:19  Sentry x2  
  105  7:22  Stalker x2  
  113  7:28  Robotics Bay  
  113  7:34  Immortal  
  117  7:39  Nexus  
  117  7:43  Pylon  
  117  7:46  Pylon  
  117  8:02  Stalker x6  
  117  8:04  Sentry x2  
  133  8:07  Probe x2  
  133  8:08  Probe  
  133  8:11  Charge  
  132  8:26  Probe x2  
  119  8:27  Probe  
  119  8:28  Stalker, Colossus (Chrono Boost)  
  119  8:29  Stalker  
  119  8:31  Extended Thermal Lance (Chrono Boost)  
  128  8:38  Protoss Ground Weapons Level 2 (Chrono Boost), Probe  
  128  8:40  Photon Cannon  
  129  8:42  Shield Battery, Photon Cannon  
  129  8:44  Sentry x2, Pylon  
  129  8:45  Sentry  
  129  8:46  Probe  
  136  8:50  Probe  
  136  8:52  Robotics Facility  
  136  8:53  Pylon  
  137  8:55  Pylon  
  137  9:02  Forge  
  137  9:08  Adept  
  137  9:09  Probe x2  
  141  9:13  Probe  
  141  9:14  Probe  
  143  9:17  Assimilator x2  
  143  9:21  Colossus (Chrono Boost)  
  149  9:30  Nexus  
  149  9:31  Pylon  
  149  9:32  Stalker x3  
  149  9:34  Stalker  
  156  9:42  Stalker  
  156  9:43  Stalker  
  156  9:44  Phoenix  
  162  9:52  Photon Cannon  
  153  10:00  Stalker  
  153  10:01  Stalker x5  
  148  10:09  Stalker x6  
  155  10:17  Protoss Ground Armor Level 1 (Chrono Boost)  
  155  10:21  Colossus  
  155  10:27  Nexus  
  155  10:28  Pylon x2  
  161  10:29  Pylon  
  161  10:32  Pylon  
  161  10:39  Colossus (Chrono Boost)  
  137  10:58  Stalker x5  
  137  10:59  Stalker x3  
  125  11:13  Protoss Ground Weapons Level 3 (Chrono Boost)  
  125  11:15  Probe x2  
  127  11:19  Probe  
  127  11:20  Colossus (Chrono Boost)  
  127  11:23  Adept  
  136  11:27  Probe x2  
  136  11:30  Colossus (Chrono Boost)  
  136  11:31  Probe  
  145  11:36  Gateway  
  145  11:39  Gateway, Probe  
  146  11:40  Gateway, Photon Cannon  
  146  11:41  Sentry x2, Photon Cannon  
  146  11:43  Sentry  
  146  11:44  Gateway  
  146  11:46  Sentry  
  154  11:57  Sentry  
  154  11:58  Sentry  
  158  12:06  Sentry x2  
  158  12:07  Photon Cannon  
  162  12:10  Photon Cannon  
  162  12:11  Protoss Ground Armor Level 2 (Chrono Boost)  
  162  12:13  Shield Battery, Colossus x2  
  162  12:14  Colossus  
  162  12:16  Shield Battery  
  160  12:25  Nexus, Stalker  
  160  12:26  Stalker x2  
  160  12:27  Pylon  
  164  12:32  Photon Cannon  
  164  12:34  Sentry x3, Photon Cannon  
  164  12:36  Zealot x2  
  174  12:37  Photon Cannon  
  168  13:03  Zealot x5  
  168  13:04  Zealot x2  
  164  13:13  Zealot  
  164  13:15  Zealot x4  
  139  13:28  Immortal x2  
  139  13:33  Probe x2 (Chrono Boost)  
  139  13:34  Probe (Chrono Boost)  
  145  13:39  Probe (Chrono Boost)  
  145  13:41  Zealot x3  
  145  13:42  Zealot x4  
  145  13:44  Probe (Chrono Boost)  
  145  13:45  Probe (Chrono Boost)  
  143  13:53  Templar Archives  
  137  14:06  Sentry x2  
  137  14:08  Immortal x2  
  149  14:10  Photon Cannon  
  149  14:11  Shield Battery, Photon Cannon  
  149  14:17  Dark Shrine  
  148  14:30  High Templar x7  
  162  14:32  High Templar  
  162  14:34  Archon x2  
  162  14:35  Archon  
  162  14:37  Photon Cannon, Archon  
  164  14:40  Shield Battery  
  164  14:44  Photon Cannon  
  164  14:46  Zealot, Colossus  
  172  14:57  Immortal  
  135  15:25  Nexus  
  135  15:34  Dark Templar  
  135  15:36  Dark Templar  
  135  15:37  Immortal  
  135  15:42  Pylon  
  141  15:44  High Templar x2  
  141  15:48  Archon  
  145  15:51  Pylon  
  145  16:00  High Templar x4  
  153  16:05  Archon x2  
  151  16:32  Nexus  
  151  16:33  Pylon  
  151  16:38  High Templar x4  
  157  16:43  Archon  
  157  16:44  Archon  
  157  16:47  Photon Cannon  
  157  16:49  Zealot, Shield Battery  
  157  17:00  High Templar x2  
  157  17:04  Archon  
  157  17:05  Stalker x2  
  139  17:27  Zealot x3  
  139  17:28  Zealot  
  139  17:31  Zealot x2  
Show
View Real Time Build Order
Export as new Build Order

iGXiGua Zerg 

Build Orders: Hatch First 

Get SALT Encoding   

  12  0:00  Drone  
  13  0:12  Overlord  
  13  0:16  Drone  
  14  0:30  Drone  
  14  0:31  Drone  
  16  0:47  Hatchery  
  15  0:51  Drone  
  15  0:54  Drone  
  17  0:58  Drone  
  18  1:09  Extractor  
  17  1:13  Spawning Pool  
  17  1:15  Drone  
  17  1:19  Drone  
  18  1:28  Drone  
  19  1:39  Drone  
  20  1:46  Hatchery  
  19  1:50  Drone  
  20  2:00  Queen  
  22  2:05  Drone  
  22  2:07  Drone  
  24  2:11  Drone  
  24  2:15  Overlord  
  25  2:23  Metabolic Boost, Zergling x2  
  26  2:30  Queen  
  26  2:35  Drone  
  26  2:36  Drone  
  30  2:38  Drone  
  31  2:45  Queen  
  31  2:50  Zergling x2  
  34  2:52  Drone  
  34  2:58  Queen  
  37  3:01  Overlord  
  37  3:03  Drone  
  37  3:05  Drone  
  39  3:09  Zergling x4  
  41  3:14  Overlord  
  41  3:23  Drone  
  41  3:29  Drone x4  
  42  3:34  Drone  
  42  3:36  Drone  
  42  3:38  Drone  
  44  3:45  Drone x3  
  44  3:48  Drone  
  48  3:52  Overlord  
  48  3:54  Drone  
  49  3:56  Drone  
  49  4:02  Roach Warren  
  48  4:11  Spore Crawler x2  
  48  4:12  Spore Crawler  
  48  4:14  Drone x4  
  48  4:16  Drone  
  50  4:21  Overlord  
  50  4:27  Extractor x2, Lair, Zergling x2  
  50  4:30  Zergling x4  
  51  4:35  Drone x2  
  53  4:38  Extractor  
  53  4:40  Drone x3  
  53  4:44  Drone x3  
  57  4:48  Drone  
  57  4:49  Drone  
  57  4:53  Drone x3  
  57  4:55  Drone  
  57  4:59  Overlord  
  61  5:03  Roach x3  
  67  5:07  Overlord  
  67  5:09  Overlord  
  67  5:15  Overlord  
  67  5:22  Roach x3  
  67  5:26  Glial Reconstitution  
  73  5:28  Roach  
  73  5:29  Roach  
  73  5:35  Drone x5  
  81  5:38  Drone x3  
  81  5:40  Drone  
  81  5:42  Ravager x2  
  87  5:43  Drone  
  87  5:46  Drone  
  87  5:49  Drone  
  90  5:59  Evolution Chamber  
  90  6:00  Drone x2, Extractor x2  
  90  6:03  Drone  
  87  6:06  Drone x2  
  87  6:07  Drone x2, Hatchery  
  87  6:10  Drone  
  89  6:19  Zergling x12  
  95  6:28  Drone x3  
  95  6:29  Zerg Melee Weapons Level 1  
  97  6:45  Overlord  
  97  6:46  Overlord x2  
  97  6:48  Overlord  
  97  6:49  Pneumatized Carapace  
  97  6:51  Overlord, Baneling Nest  
  97  6:53  Overlord  
  96  6:58  Overseer  
  96  7:02  Queen, Overlord  
  96  7:05  Drone x8  
  96  7:08  Drone  
  106  7:14  Drone x2  
  106  7:15  Drone  
  109  7:16  Drone x2  
  109  7:18  Roach x2  
  109  7:21  Roach x4  
  109  7:22  Roach  
  125  7:29  Roach x2  
  129  7:30  Overlord  
  129  7:32  Ravager  
  129  7:33  Ravager x3  
  129  7:36  Centrifical Hooks  
  129  7:37  Infestation Pit  
  130  7:39  Spine Crawler  
  130  7:42  Zergling x2  
  130  7:43  Zergling x10  
  136  7:44  Zergling x4  
  136  7:46  Ravager x3  
  136  7:48  Ravager x2  
  141  7:55  Evolution Chamber  
  141  7:56  Zergling x6  
  141  7:57  Zergling x14  
  151  8:04  Overlord  
  151  8:08  Zergling x2  
  151  8:09  Zergling x8  
  154  8:18  Roach x8  
  160  8:24  Zerg Ground Armor Level 1  
  160  8:26  Roach x4  
  157  8:34  Overlord  
  157  8:36  Hive, Zerg Melee Weapons Level 2  
  157  8:40  Roach x6  
  169  8:42  Overlord  
  169  8:48  Drone x2  
  170  8:58  Baneling x4  
  170  9:02  Zergling x18  
  179  9:11  Overlord  
  179  9:16  Zergling x24  
  191  9:20  Overlord  
  191  9:31  Baneling x28  
  191  9:33  Zergling x4  
  191  9:37  Zergling x10  
  198  9:44  Hatchery  
  190  9:54  Zergling x20  
  190  9:59  Adrenal Glands  
  195  10:01  Zergling x10  
  195  10:02  Ultralisk Cavern  
  195  10:06  Zergling x14  
  199  10:13  Zergling x8  
  192  10:15  Overlord  
  192  10:16  Baneling  
  192  10:17  Baneling x11  
  190  10:23  Zerg Ground Armor Level 2  
  190  10:26  Baneling x7  
  190  10:28  Baneling x5  
  175  10:43  Zergling x4  
  175  10:44  Roach, Zergling x16  
  175  10:49  Roach x2, Zergling x2  
  180  10:54  Roach, Zergling x2  
  180  10:55  Roach x2, Zergling x4  
  164  10:59  Drone  
  164  11:00  Roach, Zergling x2  
  145  11:04  Chitinous Plating  
  145  11:06  Roach x2  
  145  11:10  Roach x3  
  143  11:12  Ravager, Baneling x2  
  142  11:18  Zergling x10  
  146  11:27  Zergling x10, Ultralisk  
  157  11:36  Zergling x2, Ultralisk  
  157  11:37  Zergling x6  
  157  11:39  Drone x2  
  169  11:40  Overseer  
  169  11:49  Drone  
  170  11:55  Ultralisk  
  170  11:56  Overlord x2  
  170  11:58  Overlord  
  176  12:01  Extractor  
  176  12:02  Drone  
  176  12:03  Drone  
  176  12:04  Baneling x8  
  177  12:09  Overlord  
  177  12:11  Zergling x26  
  187  12:19  Ultralisk  
  193  12:23  Zergling x2, Anabolic Synthesis  
  193  12:24  Zergling x12  
  195  12:38  Zergling x8  
  195  12:40  Extractor  
  195  12:41  Extractor  
  195  12:45  Zergling x2  
  195  12:46  Zergling x8  
  195  12:48  Baneling  
  195  12:49  Baneling x13  
  197  12:55  Zergling x8  
  191  13:10  Zergling x6, Ultralisk  
  191  13:11  Ultralisk  
  197  13:18  Zergling x20, Ultralisk  
  197  13:19  Zergling x12  
  192  13:26  Zergling x20  
  191  13:32  Zergling x10  
  165  13:49  Zergling x16, Ultralisk  
  173  13:56  Zergling x2, Ultralisk  
  180  14:08  Zergling x16  
  188  14:20  Zergling x10, Ultralisk  
  199  14:33  Baneling x3  
  199  14:34  Spine Crawler  
  199  14:35  Baneling x17  
  199  14:36  Spine Crawler, Baneling x6  
  197  14:43  Extractor  
  196  14:54  Hatchery  
  196  14:56  Zergling x10  
  192  15:00  Zergling x6, Ultralisk  
  192  15:02  Zergling x4  
  192  15:04  Zergling x2  
  173  15:07  Zergling x8  
  173  15:09  Zergling x4  
  155  15:14  Zergling x2  
  155  15:21  Baneling x2  
  148  15:22  Baneling x18  
  147  15:31  Zergling x2, Ultralisk  
  147  15:32  Zergling x2  
  153  15:41  Ultralisk  
  159  15:52  Zergling x8, Ultralisk  
  169  16:08  Zergling x2  
  169  16:09  Zergling x20  
  178  16:12  Overseer x2  
  178  16:17  Drone x3  
  174  16:24  Zergling x6  
  167  16:34  Drone x4  
  167  16:38  Drone  
  170  16:54  Drone x11  
  175  17:04  Ultralisk  
  175  17:08  Zergling x2  
  163  17:15  Zergling x2  
  129  17:23  Zergling x10  

Tags
 
Add a new tag
Caveats
  • Supply blocks, unpowered buildings, or Contaminate may cause inaccurate times.
  • Supply counts are checked every 10 seconds.